 Dungeon Crawl Stone Soup version 0.18.1-48-g4cf74bf (webtiles) character file.

13685 Heedrag the Summoner (level 11, 0/66 HPs)
             Began as a Deep Elf Summoner on Sept 1, 2016.
             Was a Priest of Vehumet.
             Slain by a black mamba (3 damage)
             ... on level 5 of the Lair of Beasts.
             The game lasted 00:57:58 (15064 turns).

Heedrag the Summoner (Deep Elf Summoner)           Turns: 15064, Time: 00:57:59

Health: 0/66       AC: 16    Str:  8    XL:     11   Next: 78%
Magic:  1/28       EV: 22    Int: 21    God:    Vehumet [***...]
Gold:   897        SH:  2    Dex: 16    Spells: 5 memorised, 16 levels left

rFire  + . .     SeeInvis .     L - +4 quarterstaff (chaos)
rCold  . . .     Gourm    .     a - +0 robe
rNeg   . . .     Faith    .     (shield currently unavailable)
rPois  .         Spirit   .     E - +2 hat
rElec  +         Dismiss  .     Q - +2 cloak
rCorr  .         Reflect  .     k - +0 pair of gloves
SustAt .         Harm     .     J - +1 pair of boots
MR     +....                    P - amulet of the Air {Inacc +Fly rElec EV+5 RMsl}
Stlth  ++........               j - +5 ring of slaying
                                C - ring of protection from fire

@: repel missiles, somewhat resistant to hostile enchantments, unstealthy
A: large bone plates 1, rough black scales 1, agile 1, mutation resistance 1
a: Renounce Religion, Evoke Flight


You were on level 5 of the Lair of Beasts.
You worshipped Vehumet.
Vehumet was most pleased with you.
You were hungry.

You visited 3 branches of the dungeon, and saw 17 of its levels.

You collected 911 gold pieces.
You spent 14 gold pieces at shops.

Inventory:

Hand Weapons
 L - a +4 quarterstaff of chaos (weapon)
Armour
 a - a +0 robe (worn)
 k - a +0 pair of gloves (worn)
 m - a +0 buckler
 p - a +0 troll leather armour
 E - a +2 hat (worn)
 J - a +1 pair of boots (worn)
 Q - a +2 cloak (worn)
Magical Staves
 V - an uncursed staff of cold
Rods
 d - a +0 rod of ignition (12/12)
   (You found it on level 3 of the Lair of Beasts)
 t - a +1 iron rod (13/13)
   (You found it on level 3 of the Lair of Beasts)
Jewellery
 j - a +5 ring of slaying (right hand)
 B - a +3 ring of strength
 C - a ring of protection from fire (left hand)
 P - the amulet of the Air (around neck) {Inacc +Fly rElec EV+5 RMsl}
   (You found it on level 4 of the Dungeon)

   [amulet of inaccuracy]

   It reduces the accuracy of all your attacks.
   It affects your evasion (+5).
   It insulates you from electricity.
   It lets you fly.
   It protects you from missiles.
Wands
 I - a wand of iceblast (3/15)
 N - a wand of iceblast (7/15)
 X - a wand of disintegration (22/24)
Scrolls
 e - a scroll of holy word {unknown}
 h - 11 scrolls of identify
 q - 7 scrolls of teleportation
 r - 4 scrolls of magic mapping
 w - a scroll of recharging
 x - a scroll of blinking {unknown}
 y - a scroll of silence
 A - 10 scrolls of remove curse
 H - 3 scrolls of fog
 K - a scroll of immolation {unknown}
Potions
 l - 15 potions of curing
 o - 4 potions of flight
 s - 2 potions of cancellation
 u - a potion of berserk rage
 z - a potion of might
 F - 5 potions of brilliance
 G - a potion of haste
 T - 4 potions of heal wounds
Books
 b - a book of Callings

   Spells                             Type                      Level
   a - Summon Small Mammal            Summoning                    1
   b - Call Imp                       Summoning                    2
   c - Call Canine Familiar           Summoning                    3
   d - Summon Guardian Golem          Hexes/Summoning              3
   e - Summon Lightning Spire         Summoning/Air                4
   f - Summon Ice Beast               Ice/Summoning                4
 i - a book of Ice

   Spells                             Type                      Level
   a - Ice Form                       Ice/Transmutation            4
   b - Metabolic Englaciation         Hexes/Ice                    5
   c - Ozocubu's Refrigeration        Ice                          6
   d - Bolt of Cold                   Conjuration/Ice              6
   e - Freezing Cloud                 Conjuration/Ice/Air          6
   f - Simulacrum                     Ice/Necromancy               6
Comestibles
 c - 6 bread rations
 f - 64 fruits
 n - 2 slices of pizza
 v - 7 meat rations
 D - a royal jelly
 M - 2 beef jerkies


   Skills:
 * Level 6.9 Fighting
 + Level 7.5 Dodging
 - Level 2.6 Stealth
 + Level 11.4 Spellcasting
 * Level 3.2 Conjurations
 + Level 13.3 Summonings
 - Level 6.6 Ice Magic


You had 16 spell levels left.
You knew the following spells:

 Your Spells              Type           Power        Failure   Level  Hunger
a - Summon Small Mammal   Summ           ####         1%          1    None
b - Call Imp              Summ           ######..     1%          2    None
c - Call Canine Familiar  Summ           ######..     1%          3    None
d - Summon Ice Beast      Ice/Summ       ######..     1%          4    #......
e - Bolt of Cold          Conj/Ice       ####......   52%         6    ######.


Dungeon Overview and Level Annotations

Branches:
Dungeon (11/15)            Temple (1/1) D:7            Lair (5/8) D:10
  Snake (0/4) Lair:5          Orc (0/2) D:10
  Swamp: Lair:3-6    Shoals: Lair:3-6

Altars:
Ashenzari
Cheibriados
Dithmenos
Elyvilon
Fedhas
Gozag
Kikubaaqudgha
Makhleb
Nemelex Xobeh
Okawaru
Pakellas
Qazlal
Ru
Sif Muna
Trog
Vehumet
Xom
Yredelemnul
Zin
The Shining One

Shops:
D:9 *

Annotations:
D:11 Fannar
Lair:5 Nessos


Innate Abilities, Weirdness & Mutations

You are partially covered in large bone plates (AC +2, SH +2).
You are partially covered in rough black scales (AC +4, Dex -1).
You are agile. (Dex +2)
You are somewhat resistant to further mutation.


Message History

Yer ice beast hits tha sheep.
Yer ice beast freezes tha sheep!!
Tha sheep dies!
Vehumet accepts yer kill.
Tha fungus be destroyed!
Tha black mamba bites ye!
* * * LOW HITPOINT WARNIN'
* * * Nessos blinks!
Yer ice beast misses tha black mamba.
Yer ice beast disappears in a puff o' smoke!
Nessos wields an uncursed longbow o' flamin'.
It bursts inta flame!
Nessos shoots an arrow.
Tha arrow be repelled.
Tha arrow hits yer ice beast!!
Tha arrow melts yer ice beast!
Yer ice beast dies!
Tha black mamba closely misses ye.
Nessos unwields an uncursed longbow o' flamin'.
It stops flamin'.
Nessos closely misses ye.
Yer wolf misses tha black mamba.
Nessos blinks!
Tha black mamba bites ye!
* * * LOW HITPOINT WARNIN'
* * * Yer wolf barely misses Nessos.
Tha black mamba completely misses ye.
Tha black mamba bites ye.
Ye die...

...⌠....##.## ###...##
...........P###.##..## ##
.⌠...⌠.#.....#..#....###.
........#...†......>.....
...⌠....#.#..............
..........#.#.##...#..... ..#.
#######.....#.###.###P... # .#.
#P.#.........#.P###...
..+.⌠.#####.(.#@#....<....##....
......#..##(..S.#.##...#....#..#
...#..#....PYh.§......##........
...........†....................
....?.....§..##..#..............
.......((.(P.######P(.######....
........(§PP####.##...#####P....
....(......P.....##...#P##.P....
................................


You could see a black mamba, a friendly ice beast and a friendly wolf.

Vanquished Creatures
  2 blink frogs (Lair:5)
  3 yaks
  A water moccasin (Lair:1)
  A black bear (Lair:2)
  2 wolves (Lair:3)
  2 worker ants
  2 adders
  A river rat (Lair:2)
  A shadow imp (D:6)
  An ooze (D:6)
  An adder skeleton (D:4)
  2 giant cockroaches
  3 goblins (D:3)
  A hobgoblin (D:3)
  3 jackals
  4 giant newts
  A rat (D:3)
31 creatures vanquished.

Vanquished Creatures (collateral kills)
  A hydra (Lair:3)
  Urug (D:10)
  A hill giant (D:11)
  The ghost of barakagiga the Covered, a novice MiBe of Trog (D:7)
  4 oklob plants (Lair:2)
  An elephant (D:10)
  An ugly thing (D:11)
  Maurice (D:8)
  7 black mambas
  Psyche (D:8)
  A gargoyle (D:10)
  8 spiny frogs
  2 rime drakes (Lair:5)
  2 komodo dragons
  2 trolls (D:9)
  A two-headed ogre (D:10)
  4 blink frogs
  A boulder beetle (Lair:5)
  An air elemental (D:10)
  A water elemental (D:10)
  12 yaks
  A fire elemental (D:10)
  6 hippogriffs
  Grum (D:10)
  A hungry ghost (D:10)
  7 water moccasins
  4 porcupines
  3 necrophages
  A wasp (D:8)
  An ice beast (D:8)
  5 orc warriors
  5 sky beasts
  11 ogres
  2 phantoms
  3 black bears
  11 wolves
  4 centaurs
  3 crocodiles
  2 big kobolds
  10 giant frogs
  An earth elemental (D:10)
  4 scorpions
  2 troll zombies (D:10)
  8 wights (D:8)
  A howler monkey (D:6)
  3 crimson imps
  2 giant frog zombies (D:10)
  Crazy Yiuf (D:4)
  5 hounds
  A quasit (D:9)
  9 orc wizards
  9 orc priests
  4 jellies
  2 giant frog skeletons
  5 iguanas
  Ijyb (D:3)
  5 worker ants
  Terence (D:2)
  A killer bee zombie (D:6)
  6 sheep
  6 ogre zombies (D:10)
  2 hound zombies
  A hound skeleton (D:9)
  A howler monkey zombie (D:6)
  2 howler monkey skeletons
  10 adders
  3 gnolls (D:7)
  31 river rats
  2 shadow imps
  An ooze (D:3)
  3 worms
  A dart slug (D:2)
  4 giant geckos
  22 orcs
  4 ball pythons
  5 giant cockroaches
  8 goblins
  3 hobgoblins
  13 jackals
  8 kobolds
  3 quokkas
  3 bats
  A giant cockroach zombie (D:6)
  A giant gecko skeleton (D:6)
  2 giant newts (D:1)
  3 goblin skeletons (D:10)
  3 goblin zombies (D:10)
  A hobgoblin skeleton (D:10)
  3 hobgoblin zombies (D:10)
  2 jackal zombies
  2 orc skeletons (D:10)
  13 orc zombies (D:10)
  2 quokka skeletons
  11 rats
  2 fungi (Lair:2)
  3 plants
391 creatures vanquished.

Vanquished Creatures (others)
  A hydra (D:3)
  A human (D:6)
  3 bushes (D:11)
  3 fungi (Lair:5)
  A plant (Lair:5)
9 creatures vanquished.

Grand Total: 431 creatures vanquished

Notes
Turn   | Place    | Note
--------------------------------------------------------------
     0 | D:1      | Heedrag the Deep Elf Summoner began the quest for the Orb.
     0 | D:1      | Reached XP level 1. HP: 10/10 MP: 6/6
   378 | D:1      | Reached XP level 2. HP: 15/15 MP: 4/8
   397 | D:1      | Learned a level 2 spell: Call Imp
   838 | D:2      | Noticed Terence
   856 | D:2      | Killed Terence
   856 | D:2      | Reached skill level 5 in Summonings
   856 | D:2      | Reached XP level 3. HP: 19/19 MP: 2/10
   926 | D:2      | Learned a level 3 spell: Call Canine Familiar
  1216 | D:3      | Noticed an ogre
  1335 | D:3      | Killed an ogre
  1335 | D:3      | Reached XP level 4. HP: 12/24 MP: 4/12
  1440 | D:3      | Learned a level 4 spell: Summon Ice Beast
  1614 | D:3      | Noticed Ijyb
  1638 | D:3      | Killed Ijyb
  1640 | D:3      | Reached skill level 6 in Summonings
  1892 | D:3      | Found a sacrificial altar of Ru.
  1942 | D:3      | Found an oddly glowing altar of Pakellas.
  1950 | D:3      | Killed an eight-headed hydra
  2025 | D:3      | Found a snail-covered altar of Cheibriados.
  2140 | D:3      | Reached XP level 5. HP: 28/28 MP: 10/13
  2579 | D:4      | Found a blossoming altar of Fedhas.
  2766 | D:4      | Reached skill level 1 in Ice Magic
  2911 | D:4      | Noticed Crazy Yiuf
  2942 | D:4      | Killed Crazy Yiuf
  3154 | D:4      | Found a shimmering altar of Xom.
  3155 | D:4      | Noticed an ogre
  3177 | D:4      | Reached skill level 5 in Spellcasting
  3178 | D:4      | Killed an ogre
  3178 | D:4      | Reached XP level 6. HP: 4/32 MP: 4/15
  3608 | D:5      | Entered Level 5 of the Dungeon
  3624 | D:5      | Reached skill level 7 in Summonings
  3664 | D:5      | Noticed a sky beast
  3709 | D:5      | Killed a sky beast
  3934 | D:5      | Found a sparkling altar of Nemelex Xobeh.
  4046 | D:5      | Found a white marble altar of Elyvilon.
  4153 | D:5      | You fall through a shaft!
  4178 | D:6      | Reached XP level 7. HP: 36/36 MP: 8/17
  4203 | D:6      | Reached skill level 8 in Summonings
  4490 | D:6      | Found a shattered altar of Ashenzari.
  4784 | D:6      | Found an ancient bone altar of Kikubaaqudgha.
  4785 | D:6      | Noticed a human
  4787 | D:6      | Killed a human
  5024 | D:7      | Found an ancient bone altar of Kikubaaqudgha.
  5146 | D:7      | Noticed barakagiga's ghost (novice MiBe)
  5161 | D:7      | Killed barakagiga's ghost
  5161 | D:7      | Reached skill level 9 in Summonings
  5161 | D:7      | Reached XP level 8. HP: 41/41 MP: 5/20
  5247 | D:7      | Found a staircase to the Ecumenical Temple.
  5333 | Temple   | Entered the Ecumenical Temple
  5623 | D:7      | Found an oddly glowing altar of Pakellas.
  6265 | D:8      | Reached skill level 10 in Summonings
  6270 | D:8      | Noticed Psyche
  6276 | D:8      | Killed Psyche
  6339 | D:8      | Reached skill level 5 in Ice Magic
  6437 | D:8      | Gained mutation: You are partially covered in rough black scales (AC +4, Dex -1). [potion of beneficial mutation]
  6673 | D:8      | Reached XP level 9. HP: 45/45 MP: 11/23
  6684 | D:8      | Noticed Maurice
  6720 | D:8      | Killed Maurice
  6869 | D:8      | Found a deep blue altar of Sif Muna.
  7251 | D:9      | Gained mutation: You are robust (+10% HP). [potion of mutation]
  7251 | D:9      | Lost mutation: You are robust (+10% HP). [potion of mutation]
  7251 | D:9      | Gained mutation: You are somewhat resistant to further mutation. [potion of mutation]
  7273 | D:9      | Found Lyse's General Store.
  7281 | D:9      | Bought a potion of degeneration for 14 gold pieces
  7361 | D:9      | Noticed a troll
  7364 | D:9      | Reached skill level 11 in Summonings
  7369 | D:9      | Killed a troll
  7378 | D:9      | Reached skill level 1 in Fighting
  7492 | D:9      | Found a glowing golden altar of the Shining One.
  7534 | D:9      | Noticed a troll
  7547 | D:9      | Killed a troll
  7945 | D:9      | Found a radiant altar of Vehumet.
  8092 | D:10     | Entered Level 10 of the Dungeon
  8167 | D:10     | Noticed Urug
  8215 | D:10     | Killed Urug
  8349 | D:10     | Noticed an elephant
  8359 | D:10     | Killed an elephant
  8359 | D:10     | Reached XP level 10. HP: 53/56 MP: 10/25
  8438 | D:10     | Found a staircase to the Lair.
  8464 | D:10     | Gained mutation: You are partially covered in large bone plates (AC +2, SH +2). [mutagenic meat]
  8465 | D:10     | Gained mutation: You are agile. (Dex +2) [mutagenic meat]
  8782 | D:9      | Became a worshipper of Vehumet
  8850 | D:10     | Found a staircase to the Orcish Mines.
  8887 | D:10     | Found a large runed door.
  8888 | D:10     | Found a large runed door.
  9015 | D:10     | Noticed a gargoyle
  9051 | D:10     | Killed a gargoyle
  9223 | D:10     | Noticed Grum
  9243 | D:10     | Killed Grum
  9540 | D:10     | Reached skill level 5 in Dodging
  9901 | D:11     | Noticed a hill giant
  9912 | D:11     | Killed a hill giant
  9912 | D:11     | Reached * piety under Vehumet
  9912 | D:11     | Offered knowledge of Shock by Vehumet.
  9912 | D:11     | Reached skill level 10 in Spellcasting
  9972 | D:11     | Noticed a white ugly thing
  9975 | D:11     | Noticed Fannar
  9995 | D:11     | Reached skill level 12 in Summonings
 10056 | D:11     | Killed a white ugly thing
 10060 | D:11     | Noticed a cyan ugly thing
 10122 | Lair:1   | Entered Level 1 of the Lair of Beasts
 10368 | Lair:1   | Noticed a spiny frog
 10385 | Lair:1   | Killed a spiny frog
 10462 | Lair:1   | Noticed a black mamba
 10468 | Lair:1   | Killed a black mamba
 10468 | Lair:1   | Reached skill level 5 in Fighting
 10481 | Lair:1   | Noticed a spiny frog
 10494 | Lair:1   | Killed a spiny frog
 10953 | Lair:2   | Noticed a spiny frog
 10967 | Lair:2   | Killed a spiny frog
 11422 | Lair:2   | Noticed a spiny frog
 11430 | Lair:2   | Killed a spiny frog
 11554 | Lair:2   | Offered knowledge of Sting by Vehumet.
 11554 | Lair:2   | Reached XP level 11. HP: 64/64 MP: 4/27
 11558 | Lair:2   | Reached ** piety under Vehumet
 12124 | Lair:2   | Noticed an oklob plant
 12124 | Lair:2   | Noticed an oklob plant
 12124 | Lair:2   | Noticed an oklob plant
 12148 | Lair:2   | Killed an oklob plant
 12166 | Lair:2   | Killed an oklob plant
 12170 | Lair:2   | Killed an oklob plant
 12171 | Lair:2   | Noticed an oklob plant
 12187 | Lair:2   | Killed an oklob plant
 12521 | Lair:2   | Offered knowledge of Ignite Poison by Vehumet.
 12634 | Lair:3   | Noticed a five-headed hydra
 12645 | Lair:3   | Killed a five-headed hydra
 12645 | Lair:3   | Reached skill level 13 in Summonings
 12921 | Lair:3   | Reached *** piety under Vehumet
 14056 | Lair:4   | Learned a level 6 spell: Bolt of Cold
 14261 | Lair:5   | Found a staircase to the Snake Pit.
 14269 | Lair:5   | Offered knowledge of Sticky Flame by Vehumet.
 14269 | Lair:5   | Reached skill level 1 in Conjurations
 14292 | Lair:5   | Identified a +0 rod of ignition (12/12) (You found it on level 3 of the Lair of Beasts)
 15046 | Lair:5   | Noticed Nessos
 15063 | Lair:5   | HP: 2/66 [black mamba (12)]
 15064 | Lair:5   | Slain by a black mamba

Skill      XL: |  1  2  3  4  5  6  7  8  9 10 11 |
---------------+----------------------------------+-----
Summonings     | 5 6 7 9 10 11 12 13 | 13.3
Spellcasting   | 4 5 6 8 9 10 11 | 11.4
Ice Magic      | 1 2 3 5 6 |  6.6
Fighting       | 3 5 6 |  6.9
Dodging        | 4 6 7 |  7.5
Conjurations   | 3 |  3.2
Stealth        | |  2.6

Action                   |  1- 3 |  4- 6 |  7- 9 | 10-12 || total
-------------------------+-------+-------+-------+-------++-------
Melee: Unarmed           |     1 |       |       |       ||     1
       Short sword       |     5 |    33 |       |       ||    38
       Dagger            |       |    22 |       |       ||    22
       Quarterstaff      |       |       |    44 |    50 ||    94
       Rapier            |       |       |     6 |       ||     6
 Cast: Summon Small Mamm |    60 |     7 |     1 |     4 ||    72
       Call Imp          |     9 |    14 |     2 |     3 ||    28
       Call Canine Famil |     4 |    28 |    30 |    23 ||    85
       Summon Ice Beast  |       |     5 |    53 |   164 ||   222
  Use: Scroll            |       |       |     4 |     9 ||    13
       Potion            |       |       |     6 |     9 ||    15
 Stab: Distracted        |     1 |       |       |     3 ||     4
       Sleeping          |       |     1 |       |     1 ||     2
       Paralysed         |       |       |     2 |       ||     2
  Eat: Chunk             |     1 |    12 |    18 |    27 ||    58
       Beef jerky        |       |       |       |     1 ||     1
Armor: Robe              |     7 |    37 |    28 |    44 ||   116
Dodge: Dodged            |    13 |    77 |   115 |   198 ||   403
       Deflected         |       |       |     5 |     8 ||    13
Block: Other             |       |     8 |       |    18 ||    26
